 Dungeon Crawl Stone Soup version 0.25-a0-398-g1920f1ac21 (webtiles) character file.

Game seed: 14220653034003376832, levelgen mode: deterministic

65 DerDa the Skirmisher (level 3, -1/34 HPs)
             Began as a Minotaur Berserker on Jan 8, 2020.
             Was a Believer of Trog.
             Slain by a goblin
             ... wielding a +0 club
             ... led by Robin
              (2 damage)
             ... on level 3 of the Dungeon.
             The game lasted 00:03:50 (2054 turns).

DerDa the Skirmisher (Minotaur Berserker)           Turns: 2054, Time: 00:03:50

Health: -1/34      AC:  3    Str: 27    XL:     3   Next: 94%
Magic:  2/2        EV: 12    Int:  4    God:    Trog [**....]
Gold:   98         SH:  3    Dex:  9    Spells: 2/2 levels left

rFire    . . .     SeeInvis .   a - +0 long sword
rCold    . . .     Gourm    .   e - +0 buckler
rNeg     + . .     Faith    .   d - +0 leather armour
rPois    .         Spirit   .   (helmet restricted)
rElec    .         Reflect  .   (no cloak)
rCorr    .         Harm     .   (no gloves)
MR       .....                  (no boots)
Stlth    ..........             (no amulet)
HPRegen  0.11/turn              p - ring of attention (curse)
MPRegen  0.08/turn              r - ring of positive energy

@: mighty
A: retaliatory headbutt, horns 2
a: Berserk, Trog's Hand, Renounce Religion


You were on level 3 of the Dungeon.
You worshipped Trog.
Trog was pleased with you.
You were not hungry.

You visited 1 branch of the dungeon, and saw 3 of its levels.

You collected 98 gold pieces.

Inventory:

Hand Weapons
 a - a +0 long sword (weapon)
Missiles
 b - 124 stones (quivered)
 g - 21 sling bullets
 k - 17 bolts
Armour
 d - a +0 leather armour (worn)
 e - a +0 buckler (worn)
Jewellery
 p - a cursed ring of attention (left hand)
 r - a ring of positive energy (right hand)
Scrolls
 f - a scroll of amnesia {unknown}
 i - a scroll of fog {unknown}
 l - 3 scrolls of identify {unknown}
 n - 3 scrolls of blinking {unknown}
 o - a scroll of remove curse {unknown}
Potions
 h - a potion of flight {unknown}
 m - a potion of might
 q - a potion of agility {unknown}
Comestibles
 c - 8 rations
 j - 2 chunks of flesh


   Skills:
 * Level 4.4 Fighting
 + Level 4.0 Long Blades
 + Level 2.9 Armour
 * Level 3.1 Dodging
 + Level 1.2 Shields


You had 2 spell levels left.
You didn't know any spells.
Your spell library was empty.

Dungeon Overview and Level Annotations

Branches:
Dungeon (3/15)

Altars:
Dithmenos
Elyvilon

Annotations:
D:3 Robin


Innate Abilities, Weirdness & Mutations

You reflexively headbutt those who attack you in melee.
You have a pair of horns on your head.


Message History

The goblin barely misses you.
You slash the hobgoblin!
You kill the hobgoblin!
Trog accepts your kill. Robin throws the goblin at you!
The goblin hits you but does no damage. x2
The goblin closely misses you.
You riposte.
You barely miss the goblin. Your headbutt misses the goblin.
The goblin hits you with a +0 club.
You barely miss the goblin. Your headbutt misses the goblin.
The goblin hits you with a +0 dagger. x2
A hobgoblin comes into view. It is wielding a +0 club.
The goblin hits you with a +0 club.
* * * LOW HITPOINT WARNING * * *
The goblin hits you with a +0 club.
* * * LOW HITPOINT WARNING * * *
You are too injured to fight recklessly!
It was a potion of might.
You feel very mighty all of a sudden. The goblin barely misses you.
The goblin closely misses you. The goblin hits you with a +0 club.
You die...

### ..# #.# #.# ##### .
#.# #.... ...####.##
#.... #.gg.)gg# ##..#.
#..ggg@g# ##.#.#.
#######g## #.###.. #...#
##.#.## #...# ##..##
#...###########...
#####.................
##...........#..###..#.
.........รท......#......
##...........#.##.#>.##


You could see Robin, a hobgoblin and 7 goblins.

Vanquished Creatures
  An adder (D:2)
  A worm (D:2)
  2 dart slugs
  A leopard gecko (D:1)
  An orc (D:2)
  5 bats
  7 goblins
  8 hobgoblins
  2 jackals (D:2)
  3 kobolds
  3 quokkas
  2 frilled lizards
  7 rats
43 creatures vanquished.

Notes
Turn   | Place    | Note
-------+----------+-------------------------------------------
     0 | D:1      | DerDa the Minotaur Berserker began the quest for the Orb.
     0 | D:1      | Reached XP level 1. HP: 19/19 MP: 0/0
    64 | D:1      | Reached XP level 2. HP: 10/27 MP: 1/1
   998 | D:2      | Reached XP level 3. HP: 32/33 MP: 2/2
  1156 | D:2      | Found a white marble altar of Elyvilon.
  1236 | D:2      | Reached skill level 1 in Shields
  1256 | D:2      | Found a shadowy altar of Dithmenos.
  1434 | D:2      | Reached ** piety under Trog
  2044 | D:3      | Noticed Robin
  2053 | D:3      | HP: 1/34 [goblin/+0 club[Robin] (6)]
  2054 | D:3      | Slain by a goblin

Levels and vault maps discovered:
D:1:      dpeg_arrival_prison, layout_basic
D:2:      layout_loops_corners, lemuel_coloured_pillars_altar, elyvilon_altar_1
D:3:      layout_loops_cross, minmay_ogre_servants, uniq_sigmund, uniq_robin

Skill      XL: |  1  2  3 |
---------------+----------+-----
Fighting       | 4 |  4.4
Shields        | 1 |  1.2
Long Blades    | 4 |  4.0
Dodging        | 3 |  3.1
Armour         | |  2.9

Action                   || total
-------------------------++-------
Melee: Falchion          ||    72
       Headbutt          ||    13
       Long sword        ||    14
  Use: Potion            ||     1
  Eat: Chunk             ||     4
Armor: Leather armour    ||    18
Dodge: Dodged            ||    44
Block: Buckler           ||    15
       Rpst.: Falchion   ||     8
       Long sword        ||     2

Table legend:
 A = Non-vault XP
 B = Vault XP
 C = Vault XP percentage of total XP
 D = Non-vault monster count
 E = Vault monster count
 F = Vault count percentage of total count
                 A         B        C        D         E       F
            +---------+---------+-------+---------+---------+-------
      Total |      87 |       7 |   7.4 |      39 |       4 |   9.3
            +---------+---------+-------+---------+---------+-------
        D:1 |      27 |       1 |   3.6 |      13 |       1 |   7.1
        D:2 |      53 |       0 |   0.0 |      21 |       0 |   0.0
        D:3 |       7 |       6 |  46.2 |       5 |       3 |  37.5
            +---------+---------+-------+---------+---------+-------
